 Dungeon Crawl Stone Soup version 0.29.1-12-g30fa7ad0bf (webtiles) character file.

Game seed: 18191161675377342922

3778 hawla the Arsonist (level 10, -6/74 HPs)
             Began as a Meteoran Fire Elementalist on Jan 14, 2023.
             Was a Believer of Jiyva.
             Mangled by wormed's ghost (27 damage)
             ... on level 9 of the Dungeon.
             The game lasted 00:17:02 (2739 turns).

hawla the Arsonist (Meteoran Fire Elementalist)     Turns: 2739, Time: 00:17:02

Health: -6/74      AC:  7    Str: 13    XL:     10   Next: 65%
Magic:  21/31      EV: 14    Int: 23    God:    Jiyva [**....]
Gold:   155        SH:  0    Dex: 15    Spells: 8/24 levels left

rFire   . . .      SeeInvis .   n - +4 quarterstaff (chaos)
rCold   . . .      Faith    .   (shield currently unavailable)
rNeg    . . .      Spirit   .   t - +0 steam dragon scales
rPois   +          Reflect  .   (no helmet)
rElec   .          Harm     .   m - +0 cloak
rCorr   +          Rampage  .   f - +0 pair of gloves
Will    +....                   (no boots)
Stlth   +.........              (no amulet)
HPRegen 1.18/turn               e - ring "Esidid" {rPois MP+9 Str+3 Int+2}
MPRegen 0.52/turn               (no ring)

@: about to teleport, glowing
A: sense surroundings 2, otherworldly, glowing, explore regen
a: Renounce Religion


You were on level 9 of the Dungeon.
You worshipped Jiyva.
Jiyva was pleased with you.
You visited 1 branch of the dungeon, and saw 9 of its levels.
You also visited: Sewer.

You collected 155 gold pieces.

Inventory:

Hand Weapons
 n - a +4 quarterstaff of chaos (weapon)
Armour
 f - a +0 pair of gloves (worn)
 m - a +0 cloak (worn)
 t - +0 steam dragon scales (worn)
Jewellery
 e - the ring "Esidid" (left hand) {rPois MP+9 Str+3 Int+2}
   (You found it on level 2 of the Dungeon)

   [ring of magical power]

   Str:       It affects your strength (+3).
   Int:       It affects your intelligence (+2).
   rPois:     It protects you from poison.
   MP:        It affects your magic capacity (+9).
Wands
 d - a wand of flame (18) (quivered)
Potions
 b - 2 potions of magic
 c - a potion of curing
 g - a potion of brilliance
 h - a potion of attraction
 i - a potion of lignification
 l - 2 potions of might {unknown}
 p - a potion of mutation {unknown}
 q - a potion of cancellation {unknown}


   Skills:
 - Level 2.6 Fighting
 - Level 4.0 Staves
 - Level 5.1 Dodging
 - Level 1.4 Stealth
 - Level 7.5 Spellcasting
 - Level 6.4 Conjurations
 - Level 8.6 Fire Magic
 + Level 5.5 Ice Magic
 + Level 6.1 Air Magic
 - Level 3.0 Evocations


You had 8 spell levels left.
You knew the following spells:

 Your Spells              Type           Power      Damage    Failure   Level
a - Foxfire               Conj/Fire      100%       2x1d9     1%          1
b - Scorch                Fire           96%        2d9       1%          2
c - Flame Wave            Conj/Fire      43%        2d11      3%          4
d - Olgreb's Toxic Radia  Pois           8%         N/A       58%         4
e - Freezing Cloud        Conj/Ice/Air   18%        6-21      17%         5

Your spell library contained the following spells:

 Spells                   Type           Power      Damage    Failure   Level
 Magic Dart               Conj           100%       1d8       1%          1
 Conjure Flame            Conj/Fire      43%        6-21      1%          3
 Poisonous Vapours        Pois/Air       44%        N/A       3%          2
 Inner Flame              Hex/Fire       28%        N/A       3%          3
 Mephitic Cloud           Conj/Pois/Air  28%        N/A       3%          3
 Sting                    Tmut/Pois      32%        1d4       8%          1
 Call Imp                 Summ           8%         N/A       11%         2
 Simulacrum               Ice/Necr       10%        N/A       98%         6
 Polar Vortex             Ice            17%        N/A       100%        9


Dungeon Overview and Level Annotations

Branches:
Dungeon (9/15) Zot: 2870   Temple (0/1) D:6           Sewer (visited)
   Lair: D:8-11         Orc: D:9-12

Altars:
Dithmenos
Vehumet
Zin

Shops:
D:8 (

Annotations:
D:9 croobank's ghost, novice DgDe; wormed's ghost, novice TrGl


Innate Abilities, Weirdness & Mutations

You passively map the area around you.
You are easily found by Zot.
You glow in the dark.
You regain HP and MP as you explore.


Message History

The flame wave engulfs croobank's ghost!
Croobank's ghost is severely damaged.
The flame wave engulfs wormed's ghost!!
Wormed's ghost is burned terribly!
Wormed's ghost is moderately damaged.
You finish channelling waves of flame.
You hear a shout!
Wormed's ghost is no longer more vulnerable to fire.
Wormed's ghost hits you!! Croobank's ghost closely misses you.
Casting: Flame Wave (dangerous; 3% risk of failure)
Confirm with . or Enter, or press ? or * to list all spells.
Casting: Flame Wave (dangerous; 3% risk of failure)
Press: ? - help, Dir - look around, f - activate A wave of flame ripples out!
The flame wave engulfs croobank's ghost!
Croobank's ghost is severely damaged.
The flame wave engulfs wormed's ghost.
Wormed's ghost is moderately damaged. (Press . to intensify the flame waves.) Wormed's ghost barely misses you.
Croobank's ghost whispers, "The ORB doesn't exist."
Croobank's ghost hits you but does no damage.
A wave of flame ripples out!
The flame wave engulfs croobank's ghost!
Croobank's ghost is almost destroyed.
The flame wave engulfs wormed's ghost!
Wormed's ghost is heavily damaged.
Wormed's ghost hits you but does no damage.
Croobank's ghost hits you.
* * * LOW HITPOINT WARNING * * *
A wave of flame ripples out!
The flame wave engulfs croobank's ghost!
Croobank's ghost is almost destroyed.
The flame wave engulfs wormed's ghost!
Wormed's ghost is severely damaged.
You finish channelling waves of flame.
Wormed's ghost hits you.
* * * LOW HITPOINT WARNING * * *
Croobank's ghost hits you but does no damage.
As you read the scroll of teleportation, it crumbles to dust.
You feel strangely unstable. Wormed's ghost hits you!!
You die...

, #......., , , **
*#..#... ,.... , , ,*##
* #.§#.. , .... , *#..,
+.... ,, ..... * , ,
*#... #.). , * ..... *
, #....##'#######......
*#.............#......,
, #######..........# *
* , #######......@...#
* #.......####WW'###* ,
,, ,
*#.......#P.......P# ,
, , , ,
#.......#⌠.......⌠#
#.......#P.......P# ,,
, ###..####?........# *
*
..####..#####8.....8##*
, ,
............##$P⌠P?##
,,,,
.............#######, ,
, ,


You could see croobank's ghost and wormed's ghost.

Vanquished Creatures
  The ghost of hawla the Arsonist, a novice MeFE of Vehumet (D:8)
  A hornet (D:8)
  A wyvern (D:8)
  3 steam dragons (D:8)
  A water moccasin (D:6)
  A sky beast (D:6)
  An orc warrior (D:8)
  2 black bears
  A centaur (D:6)
  A phantom (D:7)
  2 kobold brigands (D:8)
  3 bullfrogs
  A gnoll sergeant (D:8)
  5 wights
  13 killer bees
  3 howler monkeys
  A lava snake (D:8)
  4 hounds
  2 jellies
  3 orc priests (D:8)
  Crazy Yiuf (D:6)
  Jessica (D:3)
  2 iguanas
  An orc wizard (D:7)
  Natasha (D:3)
  11 gnolls
  2 river rats
  3 adders
  A white imp (D:7)
  3 worms
  9 orcs
  3 ball pythons
  A bat (D:3)
  5 endoplasms (Sewer)
  A giant cockroach (D:3)
  A quokka (D:5)
  4 frilled lizards
  2 goblins
  9 kobolds
  5 rats
116 creatures vanquished.

Vanquished Creatures (others)
  2 wights (D:7)
  2 howler monkeys (D:7)
  7 jellies
  An endoplasm (Sewer)
  2 ball pythons (Sewer)
  A frilled lizard (Sewer)
  102 foxfires
  3 fungi (D:6)
120 creatures vanquished.

Grand Total: 236 creatures vanquished

Notes
Turn   | Place    | Note
-------+----------+-------------------------------------------
     0 | D:1      | hawla the Meteoran Fire Elementalist began the quest for
                  | the Orb.
     0 | D:1      | Reached XP level 1. HP: 14/14 MP: 5/5
    46 | D:2      | Identified the ring "Esidid" {rPois MP+9 Str+3 Int+2}
   114 | D:2      | Reached skill level 4 in Fire Magic
   114 | D:2      | Reached XP level 2. HP: 20/20 MP: 6/6
   119 | D:2      | Reached XP level 3. HP: 26/26 MP: 8/8
   166 | D:3      | Noticed Natasha
   171 | D:3      | Killed Natasha
   172 | D:3      | Reached XP level 4. HP: 33/33 MP: 10/10
   175 | D:3      | Learned a level 2 spell: Scorch
   220 | D:3      | Noticed Jessica
   228 | D:3      | Killed Jessica
   229 | D:3      | Reached skill level 5 in Fire Magic
   238 | D:3      | Learned a level 4 spell: Flame Wave
   246 | D:3      | Found a radiant altar of Vehumet.
   258 | D:3      | Became a worshipper of Vehumet
   273 | D:3      | Reached XP level 5. HP: 38/38 MP: 11/11
   319 | D:5      | Entered Level 5 of the Dungeon
   319 | D:5      | Noticed a black bear
   324 | D:5      | Killed a black bear
   325 | D:5      | Reached XP level 6. HP: 37/45 MP: 12/12
   335 | D:5      | Reached skill level 5 in Conjurations
   361 | D:6      | Noticed a sky beast
   366 | D:6      | Killed a sky beast
   367 | D:6      | Reached XP level 7. HP: 39/50 MP: 12/13
   468 | D:6      | Reached skill level 6 in Fire Magic
   499 | D:6      | Found a staircase to the Ecumenical Temple.
   514 | D:6      | Noticed a water moccasin
   517 | D:6      | Killed a water moccasin
   518 | D:6      | Reached skill level 5 in Spellcasting
   518 | D:6      | Reached XP level 8. HP: 57/57 MP: 16/16
   628 | D:6      | Found a runed translucent door.
   629 | D:6      | Noticed Crazy Yiuf
   636 | D:6      | Killed Crazy Yiuf
   707 | D:6      | Found a glowing drain.
   709 | D:6      | Reached * piety under Vehumet
   709 | D:6      | Offered knowledge of Freeze by Vehumet.
   728 | Sewer    | Entered a sewer
   831 | Sewer    | Found a viscous altar of Jiyva.
   854 | Sewer    | Fell from the grace of Vehumet
   854 | Sewer    | Became a worshipper of Jiyva Jeoxt the Shapeless
  1044 | D:7      | Found a shadowy altar of Dithmenos.
  1048 | D:7      | Reached skill level 1 in Staves
  1278 | D:7      | Reached skill level 7 in Fire Magic
  1282 | D:7      | Reached skill level 1 in Fighting
  1282 | D:7      | Gained mutation: You passively map the area around you.
                  | [Meteoran growth]
  1282 | D:7      | Reached XP level 9. HP: 21/64 MP: 19/19
  1284 | D:7      | Reached * piety under Jiyva
  1654 | D:7      | Found a glowing silver altar of Zin.
  1887 | D:8      | Found a runed translucent door.
  1891 | D:8      | Reached skill level 8 in Fire Magic
  1892 | D:8      | Noticed hawla's ghost (novice MeFE)
  1901 | D:8      | Killed hawla's ghost
  1902 | D:8      | Reached skill level 5 in Dodging
  1915 | D:8      | Learned a level 4 spell: Olgreb's Toxic Radiance
  1943 | D:8      | Learned a level 5 spell: Freezing Cloud
  1963 | D:8      | Reached XP level 10. HP: 59/74 MP: 22/22
  1964 | D:8      | Reached skill level 1 in Ice Magic
  1964 | D:8      | Reached skill level 1 in Air Magic
  2059 | D:8      | Found Jorirugh's Antique Weapon Emporium.
  2156 | D:8      | Reached skill level 5 in Air Magic
  2235 | D:8      | Reached ** piety under Jiyva
  2299 | D:8      | Reached skill level 5 in Ice Magic
  2717 | D:9      | Found a runed translucent gate.
  2717 | D:9      | Found a runed translucent gate.
  2717 | D:9      | Found a runed translucent gate.
  2725 | D:9      | Noticed croobank's ghost (novice DgDe)
  2726 | D:9      | Noticed wormed's ghost (novice TrGl)
  2739 | D:9      | Mangled by wormed's ghost

Illustrated notes

Levels and vault maps discovered:
D:1:      grunt_arrival_crossed_arrows, layout_rooms,
          shapermc_ecumenical_altar_totnotflames
D:2:      minmay_spotlight, layout_basic, serial_shops, shop,
          kennysheep_generic_room_6
D:3:      layout_basic, lemuel_round_altar, mainiacjoe_overflow_small_starburst,
          uniq_natasha, uniq_jessica
D:4:      layout_loops_ring, serial_shops, nicolae_square_shop,
          kennysheep_windowed_goal
D:5:      nicolae_cairo_tiling, layout_basic,
          nicolae_gozag_cash_rules_everything_around_me,
          mainiacjoe_overflow_catch_the_wave
D:6:      layout_loops_ring, minmay_temple_entry_junction, portal_sewer_entry_a,
          serial_shops, nicolae_shop_hallway_stairs, uniq_crazy_yiuf_cottage
D:7:      layout_basic, zin_statuary, grunt_dithmenos_shadows,
          serial_co_window_serial, co_window_corner_a, co_window_corner_a,
          co_window_of_opportunity_a, co_window_cross_1, co_window_paths_a,
          co_window_cross_3, co_window_of_opportunity_b, co_window_corner_ca,
          co_window_corner_b, co_window_paths_c, co_window_of_opportunity_b,
          co_window_unsneaky_path_a, co_window_sun, glass_columns_b,
          glass_columns_c, glass_columns_b
D:8:      layout_loops_ring, ebering_ghost_reflecting_pool, serial_shops,
          nicolae_inconvenience_store
D:9:      layout_stronghold, orc_0_dummy, gammafunk_ghost_cemetery,
          chequers_garden, uniq_amaemon

Skill      XL: |  1  2  3  4  5  6  7  8  9 10 |
---------------+-------------------------------+-----
Fire Magic     | 4 5 6 7 8 |  8.6
Spellcasting   | 3 5 6 7 |  7.5
Dodging        | 3 4 5 |  5.1
Conjurations   | 2 4 5 6 |  6.4
Evocations     | 3 |  3.0
Staves         | 2 4 |  4.0
Fighting       | 1 2 |  2.6
Ice Magic      | 5 |  5.5
Air Magic      | 6 |  6.1
Stealth        | |  1.4

Action                   |  1- 3 |  4- 6 |  7- 9 | 10-12 || total
-------------------------+-------+-------+-------+-------++-------
Melee: Unarmed           |     1 |     2 |     8 |       ||    11
       Quarterstaff      |       |       |    45 |    14 ||    59
       Punch             |       |       |     1 |       ||     1
 Cast: Foxfire           |    15 |    19 |    11 |    13 ||    58
       Scorch            |       |     5 |    34 |    19 ||    58
       Flame Wave        |       |     2 |     8 |    11 ||    21
       Freezing Cloud    |       |       |       |     1 ||     1
Evoke: Wand              |       |       |       |     3 ||     3
  Use: Scroll            |       |     5 |       |     6 ||    11
       Potion            |       |       |     1 |     1 ||     2
 Stab: Sleeping          |       |       |     1 |       ||     1
Armor: Robe              |       |     2 |    16 |       ||    18
       Steam dragon scal |       |       |       |    12 ||    12
Dodge: Dodged            |       |     5 |    67 |    28 ||   100
